 Dungeon Crawl Stone Soup version 0.31.0-12-g77e489cdc1 (webtiles) character file.

Game seed: 7147306874176016363

55 lordive the Slasher (level 3, 0/33 HPs)
             Began as a Minotaur Monk on Feb 29, 2024.
             Slain by a gnoll
             ... wielding a +0 club
              (3 damage)
             ... on level 2 of the Dungeon.
             The game lasted 00:01:02 (743 turns).

lordive the Slasher (Minotaur Monk)                  Turns: 743, Time: 00:01:03

Health: 0/33       AC:  5    Str: 15    XL:     3   Next: 67%
Magic:  2/2        EV: 12    Int:  7    God:
Gold:   16         SH:  0    Dex: 14    Spells: 2/2 levels left

rFire   . . .        a - +0 falchion
rCold   . . .        d - orb {light}
rNeg    . . .        j - +0 ring mail
rPois   .            (helmet restricted)
rElec   .            (no cloak)
rCorr   .            (no gloves)
SInv    .            (no boots)
Will    .....        e - amulet of regeneration
Stlth   +            (no ring)
HPRegen 1.05/turn    (no ring)
MPRegen 0.08/turn

%: no passive effects
@: glowing
A: horns 2, retaliatory headbutt
a: no special abilities


You were on level 2 of the Dungeon.
You visited 1 branch of the dungeon, and saw 2 of its levels.

You collected 16 gold pieces.

Inventory:

Hand Weapons
 a - a +0 falchion (weapon)
 f - a +1 dagger of protection
Armour
 d - an orb of light (worn)
 j - a +0 ring mail (worn)
Jewellery
 e - an amulet of regeneration (around neck)
Scrolls
 g - a scroll of identify {unknown}
 h - a scroll of poison {unknown}
 i - 2 scrolls of fear {unknown}
Potions
 c - a potion of ambrosia


   Skills:
 + Level 4.3 Fighting
 + Level 4.6 Long Blades
 + Level 3.9 Dodging


You had 2 spell levels left.
You didn't know any spells.
Your spell library was empty.

Dungeon Overview and Level Annotations

Branches:
Dungeon (2/15)

Altars:


Innate Abilities, Weirdness & Mutations

You have a pair of horns on your head.
You reflexively headbutt those who attack you in melee.


Message History

The adder hisses angrily.
The gnoll closely misses you.
You barely miss the gnoll.
The gnoll is heavily wounded.
You hit the gnoll but do no damage. Your headbutt misses the gnoll.
The gnoll is heavily wounded.
The gnoll hits you with a +0 flail. The gnoll hits you with a +0 club.
The kobold completely misses you.
You hit the gnoll.
The gnoll is severely wounded.
The gnoll hits you with a +0 flail. The kobold closely misses you.
A giant cockroach comes into view.
The gnoll barely misses you. The kobold misses you.
The gnoll closely misses you.
You hit the gnoll but do no damage.
The gnoll is severely wounded.
The gnoll barely misses you. The kobold hits you but does no damage.
The gnoll hits you but does no damage.
You hit the gnoll but do no damage.
The gnoll is heavily wounded.
The gnoll completely misses you. You furiously retaliate!
You headbutt the gnoll!
You kill the gnoll!
The kobold hits you with a +0 whip. The gnoll hits you but does no damage.
You hit the gnoll.
The gnoll is moderately wounded.
The kobold barely misses you. You furiously retaliate!
You headbutt the kobold.
You kill the kobold!
The adder barely misses you.
You hit the gnoll. You headbutt the gnoll.
The gnoll is severely wounded.
The adder bites you but does no damage. The gnoll hits you with a +0 club.
The gnoll hits you but does no damage.
You hit the gnoll but do no damage.
The gnoll is severely wounded.
The adder bites you but does no damage. The gnoll hits you with a +0 club.
The gnoll hits you from afar with a +0 halberd!
* * * LOW HITPOINT WARNING * * *
The gnoll hits you with a +0 club.
You die...

###............#
+.#.............
#.#.............
.#######.#.............
......................
..................... .
#...............g###...#
................@ggB...#
######'#####..#S###!...
#....#......... #
####....####..#.###
##.......# #..#.#
#........# ..?..#
#).......# .#..#.#
#....##.###.#^.#.#
#.......#


You could see 3 gnolls, an adder and a giant cockroach.

Vanquished Creatures
  A gnoll (D:2)
  2 dart slugs
  2 bats (D:1)
  6 endoplasms (D:1)
  3 giant cockroaches (D:1)
  2 goblins (D:1)
  3 hobgoblins (D:1)
  3 jackals (D:1)
  5 quokkas
  A ball python (D:1)
  3 kobolds
  4 rats (D:1)
35 creatures vanquished.

Notes
Turn   | Place    | Note
-------+----------+-------------------------------------------
     0 | D:1      | lordive the Minotaur Monk began the quest for the Orb.
     0 | D:1      | Reached XP level 1. HP: 19/19 MP: 0/0
    25 | D:1      | Reached XP level 2. HP: 13/27 MP: 1/1
   237 | D:1      | Reached XP level 3. HP: 33/33 MP: 2/2
   743 | D:2      | Slain by a gnoll

Illustrated notes

Levels and vault maps discovered:
D:1:      minmay_arrival_four_circles, layout_basic
D:2:      minmay_inner_zag, layout_basic

Skill      XL: |  1  2 |
---------------+-------+-----
Long Blades    | 4 |  4.6
Fighting       | 4 |  4.3
Dodging        | |  3.9

Action                     || total
---------------------------++-------
  Melee: Falchion          ||    66
         Headbutt          ||    12
 Armour: Robe              ||    25
         Ring mail         ||    19
  Dodge: Dodged            ||    44
